 Dungeon Crawl Stone Soup version 0.25-a0-356-g7c9d860b3b (webtiles) character file.

Game seed: 1654346420904060417, levelgen mode: deterministic

136 Inarius the Charlatan (level 4, -6/33 HPs)
             Began as a Demonspawn Artificer on Jan 3, 2020.
             Killed by divine providence
             ... invoked by an orc priest
              (12 damage)
             ... on level 3 of the Dungeon.
             The game lasted 00:02:35 (3038 turns).

Inarius the Charlatan (Demonspawn Artificer)        Turns: 3038, Time: 00:02:36

Health: -6/33      AC:  5    Str: 13    XL:     4   Next: 98%
Magic:  0/7        EV: 11    Int: 13    God:
Gold:   114        SH:  0    Dex: 13    Spells: 3/3 levels left

rFire    . . .     SeeInvis .   g - +3 dagger
rCold    . . .     Gourm    .   (no shield)
rNeg     + . .     Faith    .   v - +0 ring mail
rPois    .         Spirit   +   (helmet restricted)
rElec    .         Reflect  .   (no cloak)
rCorr    .         Harm     .   (no gloves)
MR       .....                  (no boots)
Stlth    +.........             (no amulet)
HPRegen  0.11/turn              j - ring of positive energy
MPRegen  0.10/turn              (no ring)

@: no status effects
A: horns 2, magic shield
a: no special abilities


You were on level 3 of the Dungeon.
You were not hungry.

You visited 1 branch of the dungeon, and saw 3 of its levels.

You collected 114 gold pieces.

Inventory:

Hand Weapons
 a - a +0 short sword
 g - a +3 dagger (weapon)
 s - a +0 hand axe
Missiles
 p - 12 boomerangs (quivered)
Armour
 v - a +0 ring mail (worn)
Jewellery
 j - a ring of positive energy (left hand)
Wands
 c - a wand of flame (15)
 d - a wand of enslavement (14)
 e - a wand of random effects (15)
Scrolls
 h - 2 scrolls of immolation {unknown}
 k - 2 scrolls of amnesia {unknown}
 l - a scroll of magic mapping {unknown}
 m - 2 scrolls of blinking {unknown}
 n - 4 scrolls of identify {unknown}
 o - 2 scrolls of enchant armour {unknown}
 r - a scroll of teleportation {unknown}
Potions
 i - 2 potions of flight {unknown}
 q - 2 potions of mutation {unknown}
 t - 4 potions of curing {unknown}
Comestibles
 f - 5 rations


   Skills:
 * Level 2.2 Fighting
 - Level 0.8 Short Blades
 + Level 1.7 Armour
 + Level 2.6 Dodging
 - Level 0.8 Stealth
 + Level 4.2 Evocations


You had 3 spell levels left.
You didn't know any spells.
Your spell library was empty.

Dungeon Overview and Level Annotations

Branches:
Dungeon (3/15)

Altars:
Sif Muna


Innate Abilities, Weirdness & Mutations

You have a pair of horns on your head.
When hurt, damage is shared between your health and your magic reserves.


Message History

Your orc wizard hits the orc with a +0 dagger.
The orc barely misses your orc wizard.
Your orc wizard hits the orc with a +0 dagger. x2
The orc dies!
The bat misses your orc wizard.
Your orc wizard barely misses the bat.
The bat completely misses your orc wizard.
What are your orders? t - Shout!
Orders for allies: a - Attack new target. r - Retreat! s - Stop attacking. g - Guard the area. f - Follow me.
Anything else - Cancel.
Gang up on whom?
Press: ? - help, Dir - move target cursor, f - bat
Aim: a bat Attack!
The bat hits your orc wizard but does no damage.
The orc priest mumbles some strange prayers to Beogh against you.
Beogh smites you!
You die...

### ### #.# #.#
#.##############.#
######..(.............#
...........##########.########
######.##.......@...ob........
#.##..##########o########
######.##..# #.# .......##).#
#b# #########..# #.#
#########..# #o# #..(.......#
#.# #...#####.## #.#
#...#.....# #.#


You could see an orc priest, a bat and a friendly orc wizard.

Vanquished Creatures
  An orc wizard (D:2)
  2 adders
  A shadow imp (D:2)
  2 oozes (D:2)
  A worm (D:3)
  2 dart slugs
  5 leopard geckos
  7 orcs
  6 giant cockroaches (D:1)
  4 goblins
  4 hobgoblins
  5 kobolds
  A quokka (D:1)
  A bat (D:1)
  4 frilled lizards
  9 rats
55 creatures vanquished.

Vanquished Creatures (collateral kills)
  An orc (D:3)
1 creature vanquished.

Grand Total: 56 creatures vanquished

Notes
Turn   | Place    | Note
-------+----------+-------------------------------------------
     0 | D:1      | Inarius the Demonspawn Artificer began the quest for the
                  | Orb.
     0 | D:1      | Reached XP level 1. HP: 15/15 MP: 3/3
   120 | D:1      | Gained mutation: You have a pair of small horns on your
                  | head. [demonic ancestry]
   120 | D:1      | Reached XP level 2. HP: 18/21 MP: 4/4
   895 | D:2      | Found a shimmering blue altar of Sif Muna.
   946 | D:2      | Gained mutation: You have a pair of horns on your head.
                  | [demonic ancestry]
   946 | D:2      | Reached XP level 3. HP: 21/26 MP: 5/5
  1447 | D:2      | Reached skill level 1 in Armour
  1447 | D:2      | Reached skill level 4 in Evocations
  1447 | D:2      | Gained mutation: When hurt, damage is shared between your
                  | health and your magic reserves. [demonic ancestry]
  1447 | D:2      | Reached XP level 4. HP: 26/33 MP: 5/7
  3038 | D:3      | Killed from afar by an orc priest

Levels and vault maps discovered:
D:1:      onia_arrival_larder, layout_basic
D:2:      layout_basic, lemuel_blue_sif_altar
D:3:      layout_basic, minmay_misc_feat_rows

Skill      XL: |  1  2  3 |
---------------+----------+-----
Dodging        | 2 |  2.6
Fighting       | 2 |  2.2
Armour         | 1 |  1.7
Evocations     | 4 |  4.2
Short Blades   | |  0.8
Stealth        | |  0.8

Action                   |  1- 3 |  4- 6 || total
-------------------------+-------+-------++-------
Melee: Short sword       |    61 |       ||    61
       Dagger            |    52 |    81 ||   133
       Headbutt          |     8 |     9 ||    17
Evoke: Wand              |       |     1 ||     1
 Stab: Sleeping          |     4 |       ||     4
  Eat: Chunk             |     2 |     5 ||     7
Armor: Leather armour    |    21 |     8 ||    29
       Ring mail         |       |     9 ||     9
Dodge: Dodged            |    67 |    41 ||   108

Table legend:
 A = Non-vault XP
 B = Vault XP
 C = Vault XP percentage of total XP
 D = Non-vault monster count
 E = Vault monster count
 F = Vault count percentage of total count
                 A         B        C        D         E       F
            +---------+---------+-------+---------+---------+-------
      Total |     178 |      17 |   8.7 |      46 |      10 |  17.9
            +---------+---------+-------+---------+---------+-------
        D:1 |      10 |      17 |  63.0 |       5 |      10 |  66.7
        D:2 |     111 |       0 |   0.0 |      22 |       0 |   0.0
        D:3 |      57 |       0 |   0.0 |      19 |       0 |   0.0
            +---------+---------+-------+---------+---------+-------
